 Dungeon Crawl Stone Soup version 0.17-a0-1831-gaadb308 (webtiles) character file.

523 ololoev the Conjurer (level 7, 50/50 HPs)
             Began as a Black Draconian Conjurer on Sept 14, 2015.
             Quit the game on level 5 of the Dungeon.
             The game lasted 00:10:14 (5048 turns).

ololoev the Conjurer (Black Draconian Conjurer)     Turns: 5048, Time: 00:10:15

Health: 50/50      AC:  6    Str: 10    XL:     7   Next: 2%
Magic:  12/12      EV: 12    Int: 17    God:
Gold:   263        SH:  0    Dex: 12    Spells: 3 memorised, 5 levels left

rFire  . . .     SeeInvis .     o - +1 dagger (drain)
rCold  . . .     Clarity  .     (armour unavailable)
rNeg   . . .     SustAt   .     (no shield)
rPois  .         Gourm    .     (helmet restricted)
rElec  +         Spirit   .     (no cloak)
rCorr  .         Warding  .     (no gloves)
rMut   .         Stasis   .     (no boots)
MR     .....                    (no amulet)
Stlth  ++........               (no ring)
                                (no ring)

@: short of breath, not resistant to hostile enchantments, unstealthy
A: breathe lightning, unfitting armour, electricity resistance, cold-blooded, AC
+6
a: Breathe Lightning


Innate Abilities, Weirdness & Mutations

You can breathe wild blasts of lightning.
Your glossy black scales are hard (AC +6).
Your body does not fit into most forms of armour.
You are resistant to electric shocks.
You are cold-blooded and may be slowed by cold attacks.

Inventory:

Hand weapons
 o - a +1 dagger of draining (weapon)
Scrolls
 d - 3 scrolls of remove curse {unknown}
 e - 2 scrolls of magic mapping {unknown}
 i - 3 scrolls of identify {unknown}
 j - a scroll of recharging {unknown}
 k - a scroll of fear {unknown}
 l - a scroll of immolation {unknown}
 r - a scroll of enchant armour {unknown}
 s - a scroll of blinking {unknown}
 u - a scroll of teleportation {unknown}
 x - a scroll of random uselessness {unknown}
Potions
 c - 3 potions of brilliance {unknown}
 f - a potion of curing {unknown}
 g - a potion of cancellation {unknown}
 h - 2 potions of poison {unknown}
 m - a potion of haste {unknown}
 n - a potion of flight {unknown}
 p - a potion of degeneration {unknown}
 v - a potion of ambrosia {unknown}
 w - a potion of heal wounds {unknown}
Books
 a - a book of Conjurations

   Spells                             Type                      Level
   a - Magic Dart                     Conjuration                  1
   b - Searing Ray                    Conjuration                  2
   c - Dazzling Spray                 Conjuration/Hexes            3
   d - Fulminant Prism                Conjuration/Hexes            4
   e - Iskenderun's Mystic Blast      Conjuration                  4
   f - Iskenderun's Battlesphere      Conjuration/Charms           5
Miscellaneous
 t - a plain deck of defence {drawn: 1}
Comestibles
 b - 4 bread rations
 q - 2 meat rations


   Skills:
 - Level 1.7 Dodging
 - Level 1.7 Stealth
 + Level 3.8 Spellcasting
 * Level 7.1 Conjurations
 * Level 2.0 Charms


You had 5 spell levels left.
You knew the following spells:

 Your Spells              Type           Power        Failure   Level  Hunger
a - Magic Dart            Conj           ####         1%          1    None
b - Searing Ray           Conj           ####..       1%          2    ##.....
c - Iskenderun's Battles  Conj/Chrm      ###.....     71%         5    ######.


You were on level 5 of the Dungeon.
You were not hungry.

You visited 1 branch of the dungeon, and saw 5 of its levels.

You collected 263 gold pieces.

....# ....# #.....#
....# #.....# ....#
#.....# ....# #.....#
....# +.....# ....#
#.....# ....# #.....#
....# #.@...# ....#
#.....# ....# #.....#
....# #.....#
....#...#.....#.....#
....#...#.....#.....#
....#...#.....#.....#
....#...#.....#.....#
....#...#.....#.....#

Notes
Turn   | Place    | Note
--------------------------------------------------------------
     0 | D:1      | ololoev the Draconian Conjurer began the quest for the Orb.
     0 | D:1      | Reached XP level 1. HP: 14/14 MP: 3/3
   622 | D:1      | Reached XP level 2. HP: 20/20 MP: 0/5
   679 | D:1      | Learned a level 2 spell: Searing Ray
  1344 | D:2      | Found a bloodstained altar of Trog.
  1447 | D:2      | You fall through a shaft!
  1541 | D:3      | Reached XP level 3. HP: 23/26 MP: 2/6
  1592 | D:3      | Reached skill level 5 in Conjurations
  1914 | D:3      | Reached XP level 4. HP: 29/33 MP: 2/7
  3243 | D:4      | Reached XP level 5. HP: 38/38 MP: 2/9
  3405 | D:4      | Reached skill level 6 in Conjurations
  3936 | D:4      | Reached XP level 6. HP: 45/45 MP: 0/11
  4086 | D:3      | Learned a level 5 spell: Iskenderun's Battlesphere
  4463 | D:4      | Reached skill level 1 in Charms
  4522 | D:4      | Found a snail-covered altar of Cheibriados.
  4629 | D:4      | Reached skill level 7 in Conjurations
  4645 | D:4      | Found a sacrificial altar of Ru.
  4732 | D:5      | Entered Level 5 of the Dungeon
  4992 | D:5      | Your scales start taking on a glossy black colour.
  4992 | D:5      | Gained mutation: You are resistant to electric shocks. [Black Draconian growth]
  4992 | D:5      | Reached XP level 7. HP: 50/50 MP: 5/12
  5048 | D:5      | Quit the game

Dungeon Overview and Level Annotations

Branches:
Dungeon (5/15)
 Temple: D:4-7

Altars:
Cheibriados
Ru
Trog


Message History

Casting: Searing Ray
Confirm with . or Enter, or press ? or * to list all spells.
Aiming: Searing Ray
Press: ? - help, Shift-Dir - straight line, f - giant cockroach
Aim: a giant cockroach The searing ray hits the giant cockroach.
The searing ray hits the giant cockroach.
The giant cockroach is lightly wounded.
The jelly quivers.
The searing ray hits the giant cockroach.
You kill the giant cockroach!
Casting: Searing Ray
Confirm with . or Enter, or press ? or * to list all spells.
You can't see any susceptible monsters within range! (Use Z to cast anyway.)
Casting: Searing Ray
Confirm with . or Enter, or press ? or * to list all spells.
Aiming: Searing Ray
Press: ? - help, Shift-Dir - straight line, f - jelly
Aim: a jelly The searing ray hits the jelly.
The jelly is moderately wounded.
The searing ray hits the jelly.
You kill the jelly!
Your Charms skill increases to level 2!
You have reached level 7!
Your scales start taking on a glossy black colour.
You feel insulated.
You see here a giant cockroach corpse.
You butcher the giant cockroach corpse.
z - 2 chunks of flesh You start resting.
Eating one of 2 chunks of flesh.
This raw flesh tastes terrible.
You continue eating. x2
Eating a chunk of flesh.
This raw flesh tastes terrible.
You continue eating. x2
Magic restored.
Use which ability?
You breathe a wild blast of lightning!
You feel somewhat more hungry.
Unknown command.
Are you sure you want to abandon this character and quit the game? (Confirm with "yes".)

There were no monsters in sight!

Vanquished Creatures
  A giant frog (D:4)
  A crimson imp (D:5)
  A hound (D:4)
  An iguana (D:4)
  A jelly (D:5)
  2 centaur skeletons (D:4)
  2 worker ants
  A worker ant zombie (D:5)
  4 adders
  11 gnolls
  5 worms
  A giant gecko (D:2)
  An orc (D:4)
  A ball python (D:1)
  5 bats
  7 giant cockroaches
  10 goblins
  5 hobgoblins
  2 jackals (D:1)
  A quokka (D:3)
  2 giant newts
  5 kobolds
  6 rats
76 creatures vanquished.

Action                   |  1- 3 |  4- 6 |  7- 9 || total
-------------------------+-------+-------+-------++-------
Melee: Unarmed           |    14 |       |       ||    14
       Spear             |    21 |       |       ||    21
       Dagger            |    17 |    58 |       ||    75
 Cast: Magic Dart        |    40 |    21 |       ||    61
       Searing Ray       |     4 |    22 |       ||    26
 Abil: Breathe Lightning |       |       |     1 ||     1
Evoke: Deck              |       |     1 |       ||     1
 Stab: Sleeping          |     2 |     3 |       ||     5
  Eat: Chunk             |     4 |     9 |     2 ||    15

Vault maps used:
D:1:      onia_arrival_mini_spirals, kennysheep_small_spiral
D:2:      old_standard_altar, first_bread
D:3:      minmay_misc_feat_pillars, grunt_ministairs_4, amalloy_card_club
D:4:      lemuel_coloured_pillars_altar, cheibriados_altar_wand_db
